Map: Oxide LE

Players

zeze

  • Race: Terran Terran
  • League: Silver

Throwfordays - Winner!

  • Race: Terran Terran
  • League: Gold

VOD

Have the link to the VOD?

Description

Time

  • Played on: Aug. 27, 2021, 4:04 p.m.
  • Length: 5:56
Show
View Real Time Build Order
Export as new Build Order

zeze Terran 

Build Orders:  

Get SALT Encoding   

  12  0:00  SCV  
  13  0:12  SCV  
  14  0:27  Supply Depot  
  14  0:29  SCV  
  14  0:34  Refinery  
  15  0:55  Barracks  
  15  0:56  SCV  
  16  1:08  SCV  
  17  1:13  Barracks  
  17  1:20  SCV  
  18  1:26  Supply Depot  
  18  1:32  SCV  
  19  1:40  Refinery  
  19  1:44  SCV  
  19  1:46  Marine  
  21  1:58  Factory  
  21  1:59  SCV  
  22  2:03  Marine  
  22  2:05  Marine  
  24  2:15  Orbital Command  
  24  2:30  Barracks Tech Lab  
  24  2:33  Barracks Reactor  
  24  2:48  Factory Tech Lab  
  24  2:49  SCV  
  25  2:52  Marine, Stimpack  
  26  3:01  SCV  
  25  3:09  Marine  
  25  3:10  Marine  
  26  3:28  Marine  
  27  3:34  Command Center  
  27  3:35  Supply Depot  
  27  3:38  Marine x2  
  27  3:39  Engineering Bay  
  28  3:45  Siege Tank  
  28  3:46  Marine  
  30  3:56  Marine x2  
  32  4:08  SCV  
  33  4:18  Starport  
  33  4:20  SCV  
  33  4:22  Barracks  
  28  4:50  Orbital Command  
  28  4:53  SCV  
  28  4:57  Widow Mine  
  28  4:58  Marine x3  
  34  5:05  SCV  
  31  5:13  Marine  
  31  5:16  Marine  
  31  5:17  SCV, Marauder  
  28  5:29  SCV  
  24  5:41  SCV  
Show
View Real Time Build Order
Export as new Build Order

Throwfordays Terran - Winner!

Build Orders:  

Get SALT Encoding   

  12  0:01  SCV  
  13  0:13  SCV  
  14  0:20  Supply Depot  
  14  0:25  SCV  
  15  0:31  Refinery  
  15  0:43  Barracks  
  15  0:45  SCV  
  16  0:55  Supply Depot  
  16  0:59  SCV  
  17  1:06  Refinery  
  17  1:11  SCV  
  18  1:24  SCV  
  19  1:30  Reaper  
  20  1:33  Barracks  
  20  1:37  SCV  
  21  1:49  SCV  
  22  1:59  Barracks  
  22  2:01  SCV  
  23  2:02  Reaper  
  24  2:16  SCV  
  24  2:20  Barracks Reactor  
  24  2:22  Supply Depot  
  25  2:28  SCV  
  26  2:34  Reaper  
  27  2:45  Barracks Reactor  
  27  2:48  Engineering Bay  
  26  3:14  Reaper x2  
  26  3:15  Reaper  
  29  3:22  Reaper x2  
  30  3:56  Reaper x3  
  30  3:57  Reaper x2  
  34  4:24  Command Center  
  30  4:40  Reaper x3  
  33  4:50  SCV  
  34  4:53  Reaper  
  34  4:58  Refinery  
  35  5:00  Refinery  
  35  5:03  SCV  
  36  5:15  SCV  
  36  5:16  Reaper x2  
Tags
 
Matchup
TvT
Race
Terran
Replay Pack
Multiplayer
Add a new tag
Caveats
  • Supply blocks, unpowered buildings, or Contaminate may cause inaccurate times.
  • Supply counts are checked every 10 seconds.